 Dungeon Crawl Stone Soup version 0.32-a0-22-g6ae6769602 (webtiles) character file.

Game seed: 405897793921041291

76 porpoise the Shooter (level 4, -1/35 HPs)
             Began as a Human Hunter on Jan 19, 2024.
             Succumbed to Robin's poison
             ... on level 2 of the Dungeon.
             The game lasted 00:03:09 (1414 turns).

porpoise the Shooter (Human Hunter)                 Turns: 1414, Time: 00:03:10

Health: -1/35      AC:  3    Str: 11    XL:     4   Next: 32%
Magic:  4/4        EV: 12    Int: 10    God:
Gold:   70         SH:  0    Dex: 18    Spells: 3/3 levels left

rFire   . . .        a - +0 shortbow
rCold   . . .        (shield currently unavailable)
rNeg    . . .        c - +0 leather armour
rPois   .            (no helmet)
rElec   .            (no cloak)
rCorr   .            (no gloves)
SInv    .            (no boots)
Will    .....        (no amulet)
Stlth   ++           (no ring)
HPRegen 0.25/turn    (no ring)
MPRegen 0.09/turn

%: no passive effects
@: lethally poisoned (-1 -> -19)
A: explore regen
a: no special abilities


You were on level 2 of the Dungeon.
You visited 1 branch of the dungeon, and saw 2 of its levels.

You collected 70 gold pieces.

Inventory:

Hand Weapons
 a - a +0 shortbow (weapon)
 g - a +0 war axe
Missiles
 f - 4 poisoned darts
Armour
 c - a +0 leather armour (worn)
Scrolls
 b - a scroll of butterflies
 h - a scroll of teleportation {unknown}
 j - a scroll of enchant weapon {unknown}
Potions
 d - 3 potions of haste {unknown}
 e - a potion of invisibility {unknown}
 i - 2 potions of ambrosia {unknown}


   Skills:
 + Level 3.0 Fighting
 * Level 5.1 Ranged Weapons
 - Level 2.0 Dodging
 - Level 1.0 Stealth


You had 3 spell levels left.
You didn't know any spells.
Your spell library contained the following spells:

 Spells                   Type           Power      Damage    Failure   Level
 Kiss of Death            Conj/Necr      0%         2d5       45%         1
 Magic Dart               Conj           0%         1d3       45%         1
 Searing Ray              Conj           0%         2d4       58%         2
 Confusing Touch          Hex            0%         N/A       83%         3
 Dispel Undead            Necr           0%         3d6       99%         4
 Fulminant Prism          Conj/Alch      0%         3d5       99%         4


Dungeon Overview and Level Annotations

Branches:
Dungeon (2/15)

Altars:

Annotations:
D:2 Robin


Innate Abilities, Weirdness & Mutations

You regain HP and MP as you explore.


Message History

The hobgoblin hits you but does no damage.
The goblin misses you.
You shoot an arrow. The arrow barely misses the hobgoblin.
The arrow closely misses Robin.
The arrow completely misses the hobgoblin.
The hobgoblin hits you. The goblin hits you with a +0 dagger.
Robin says, "Duck!"
Robin roars a battlecry!
The goblins go into a battle-frenzy!
The hobgoblin misses you.
You shoot an arrow. The arrow hits the hobgoblin.
The hobgoblin is heavily wounded.
The goblin barely misses you. The hobgoblin hits you.
The goblin hits you with a +0 dagger.
You shoot an arrow. The arrow hits the hobgoblin!
You kill the hobgoblin!
The goblin hits you but does no damage.
You shoot an arrow. The arrow closely misses Robin.
The arrow hits the hobgoblin.
The hobgoblin is heavily wounded.
The goblin hits you with a +0 dagger. Robin closely misses you.
You shoot an arrow. The arrow hits Robin.
Robin is heavily wounded.
The goblin barely misses you.
Robin hits you with a +2 dagger of venom.
* * * LOW HITPOINT WARNING * * *
You are lethally poisoned!
You shoot an arrow. The arrow hits Robin.
Robin is severely wounded.
* * * LOW HITPOINT WARNING * * *
You feel very sick. The goblin closely misses you.
Robin laughs in a distinctly smug fashion.
Robin hits you with a +2 dagger of venom.
* * * LOW HITPOINT WARNING * * *
You are more poisoned.
You shoot an arrow. The arrow completely misses Robin.
The arrow hits the hobgoblin.
The hobgoblin is lightly wounded.
You die...

#......#
#.gg...#
#......#
#......# #
##g##### # #g#
# #)# #
############.#
#
#.......g@ggg#
###
#.############
..# #.# #†#
#.# #.# #.#
#.# #.#
#.######.#
#........#
##########


You could see Robin, 2 hobgoblins and a goblin (strong).

Vanquished Creatures
  3 adders (D:2)
  A dart slug (D:1)
  A ribbon worm (D:2)
  2 ball pythons
  4 bats (D:1)
  4 endoplasms
  A giant cockroach (D:1)
  9 goblins
  3 hobgoblins (D:2)
  3 jackals (D:1)
  2 quokkas (D:2)
  2 frilled lizards (D:1)
  4 kobolds
  2 rats (D:1)
41 creatures vanquished.

Notes
Turn   | Place    | Note
-------+----------+-------------------------------------------
     0 | D:1      | porpoise the Human Hunter began the quest for the Orb.
     0 | D:1      | Reached XP level 1. HP: 16/16 MP: 1/1
    60 | D:1      | Reached XP level 2. HP: 22/22 MP: 2/2
   644 | D:1      | Reached XP level 3. HP: 28/28 MP: 3/3
  1306 | D:2      | Reached skill level 5 in Ranged Weapons
  1306 | D:2      | Reached XP level 4. HP: 30/34 MP: 4/4
  1385 | D:2      | Noticed Robin
  1414 | D:2      | Succumbed to Robin's poison

Illustrated notes

Levels and vault maps discovered:
D:1:      saegor_arrival_simple_a, layout_loops_ring, nicolae_hexahallways,
          solitary_fountain
D:2:      layout_basic, minmay_hexomino_f4, uniq_crazy_yiuf_cottage, uniq_robin

Skill      XL: |  1  2  3  4 |
---------------+-------------+-----
Ranged Weapons | 5 |  5.1
Fighting       | 3 |  3.0
Dodging        | |  2.0
Stealth        | |  1.0

Action                     |  1- 3 |  4- 6 || total
---------------------------+-------+-------++-------
   Fire: Shortbow          |    84 |    37 ||   121
 Armour: Leather armour    |    22 |    21 ||    43
  Dodge: Dodged            |    31 |    24 ||    55

Table legend: (Time is in decaauts)
 A = Elapsed time spent in this place.
 B = Non-inter-level travel time spent in this place.
 C = Inter-level travel time spent in this place.
 D = Time resting spent in this place.
 E = Time spent auto-exploring this place.
 F = Levels seen in this place.
 G = Mean time per level.
                   A        B        C        D        E       F      G
               +--------+--------+--------+--------+--------+-----+--------+
         Total |   1439 |   1409 |     30 |    109 |   1087 |   2 |  719.5 |
       Dungeon |   1439 |   1409 |     30 |    109 |   1087 |   2 |  719.5 |
               +--------+--------+--------+--------+--------+-----+--------+

Top non-repeatable levels by time:
     D:1: 895 daAuts
     D:2: 543 daAuts
